 Dungeon Crawl Stone Soup version 0.25.1-2-g60ff931df9 (webtiles) character file.

Game seed: 12834924595082851561

131 hawla the Stinger (level 4, -1/33 HPs)
             Began as a Draconian Venom Mage on Nov 12, 2020.
             Slain by an ice beast (5 damage)
             ... on level 3 of the Dungeon.
             The game lasted 00:07:53 (3151 turns).

hawla the Stinger (Draconian Venom Mage)            Turns: 3151, Time: 00:07:54

Health: -1/33      AC:  6    Str: 16    XL:     4   Next: 91%
Magic:  7/7        EV: 12    Int: 16    God:
Gold:   85         SH:  0    Dex: 12    Spells: 0/7 levels left

rFire    . . .     SeeInvis .   (no weapon)
rCold    . . .     Gourm    .   (no shield)
rNeg     . . .     Faith    .   (armour unavailable)
rPois    .         Spirit   .   (helmet restricted)
rElec    .         Reflect  .   (no cloak)
rCorr    .         Harm     .   f - +0 pair of gloves
MR       .....                  (no boots)
Stlth    ++........             (no amulet)
HPRegen  0.11/turn              j - ring of flight
MPRegen  0.10/turn              o - +6 ring of strength

@: slowed, very slow
A: unfitting armour, cold-blooded, AC +5
a: Evoke Flight


You were on level 3 of the Dungeon.
You were not hungry.

You visited 1 branch of the dungeon, and saw 3 of its levels.

You collected 85 gold pieces.

Inventory:

Missiles
 a - 32 poisoned darts (quivered)
 e - 4 atropa-tipped darts
Armour
 f - a +0 pair of gloves (worn)
Jewellery
 j - a ring of flight (left hand)
 o - a +6 ring of strength (right hand)
Wands
 n - a wand of disintegration (12)
Scrolls
 c - a scroll of magic mapping
 g - a scroll of remove curse
 k - a scroll of enchant weapon {unknown}
 l - a scroll of immolation {unknown}
Potions
 h - a potion of magic
 i - 2 potions of curing {unknown}
 m - a potion of stabbing {unknown}
 p - a potion of flight {unknown}
Comestibles
 b - 4 rations
 d - a chunk of flesh


   Skills:
 - Level 1.7 Dodging
 - Level 1.7 Stealth
 - Level 2.0 Spellcasting
 + Level 3.0 Transmutations
 + Level 2.0 Air Magic
 + Level 4.2 Poison Magic


You couldn't memorise any spells.
You knew the following spells:

 Your Spells              Type           Power        Failure   Level  Hunger
a - Sting                 Tmut/Pois      ##..         4%          1    #......
b - Poisonous Vapours     Pois/Air       ##....       9%          2    ###....
c - Olgreb's Toxic Radia  Pois           ###.....     36%         4    #####..

Your spell library contained the following spells:

 Spells                   Type           Power        Failure   Level  Hunger
 Ignite Poison            Fire/Tmut/Pois #.......     24%         3    ###....
 Mephitic Cloud           Conj/Pois/Air  #.......     26%         3    ###....


Dungeon Overview and Level Annotations

Branches:
Dungeon (3/15)

Altars:
Fedhas
Kikubaaqudgha
The Shining One


Innate Abilities, Weirdness & Mutations

Your plain brown scales are hard. (AC +5)
You cannot fit into any form of body armour.
You are cold-blooded and may be slowed by cold attacks.


Message History

Aim: an ice beast (moderately wounded, very poisoned)
The sting misses the ice beast.
The goblin hits you but does no damage.
The ice beast hits you but does no damage.
Casting: Sting (safe; 4% risk of failure)
Confirm with . or Enter, or press ? or * to list all spells.
Aiming: Sting (safe; 4% risk of failure)
Press: ? - help, Shift-Dir - straight line, f/p - ice beast
Aim: an ice beast (heavily wounded, very poisoned)
The sting hits the ice beast but does no damage.
The ice beast looks as sick as possible!
The ice beast is heavily wounded.
The goblin barely misses you. The ice beast hits you.
The ice beast freezes you!
You feel yourself slow down. The goblin hits you with a +0 dagger.
The ice beast hits you. The ice beast freezes you!
You feel as though you will be slow longer.
* * * LOW HITPOINT WARNING * * *
It was a potion of magic.
Magic courses through your body. The goblin barely misses you.
The ice beast hits you.
You die...

..8.8....# *,,,,,,,,,* .8._.8...#
*,#######,* ..8.8....#
##+#.....#,***** ...8.....#
#......#.#,.,,,** .........#
#........#..,,,,*
#........#####...........,,*,****
+........'.......<.......,,,_,,,,
.........#####...Y.......,,*,****
P........# #..@g.......,,,,+,,,
).....#'## #....)..$..#*,,,****
P.###.#.# #######....#*,,,*
....#.#.# *,....*,,,* ..#.#.#.#
******...***** ###.#.#.#
*,,,**,..* ,,,,#.#+#***
*,,,*,,,.* ****#......#
*,***,****
,,,,#......#*****,*,,,,,*


You could see an ice beast (very poisoned) and a goblin.

Vanquished Creatures
  An orc wizard (D:3)
  4 adders
  An ooze (D:2)
  3 worms (D:2)
  2 dart slugs
  A leopard gecko (D:2)
  2 orcs (D:3)
  3 giant cockroaches
  4 goblins
  2 hobgoblins
  7 jackals (D:1)
  5 kobolds
  A quokka (D:2)
  3 bats
  3 frilled lizards
  5 rats
47 creatures vanquished.

Notes
Turn   | Place    | Note
-------+----------+-------------------------------------------
     0 | D:1      | hawla the Draconian Venom Mage began the quest for the Orb.
     0 | D:1      | Reached XP level 1. HP: 14/14 MP: 3/3
   236 | D:1      | Reached XP level 2. HP: 20/20 MP: 1/5
  1067 | D:2      | Learned a level 2 spell: Poisonous Vapours
  1740 | D:2      | Reached XP level 3. HP: 22/26 MP: 0/6
  2074 | D:2      | Found an ancient bone altar of Kikubaaqudgha.
  2092 | D:2      | Reached skill level 1 in Air Magic
  2454 | D:2      | Reached XP level 4. HP: 33/33 MP: 1/7
  2464 | D:2      | Learned a level 4 spell: Olgreb's Toxic Radiance
  2737 | D:3      | Reached skill level 4 in Poison Magic
  2871 | D:3      | Found a blossoming altar of Fedhas.
  2986 | D:3      | Found a faded altar of an unknown god.
  3022 | D:3      | Found a glowing golden altar of the Shining One.
  3137 | D:3      | Noticed an ice beast
  3151 | D:3      | Slain by an ice beast

Illustrated notes

Levels and vault maps discovered:
D:1:      erik_arrival_cave_to_civilisation [erik_arrival_cave_to_hall],
          layout_basic, serial_aquarium, aquarium_bridge_straight
          [aquarium_subvault_bridge, aquarium_subvault_balcony,
          aquarium_subvault_bridge, aquarium_subvault_balcony],
          aquarium_window_2, aquarium_window_corridor_3, aquarium_window_corner,
          aquarium_view_2g, aquarium_view_2a, aquarium_balcony_3a,
          aquarium_pool_corner
D:2:      layout_rooms, lemuel_crystal_altar, kennysheep_pointless_box
D:3:      layout_basic, grunt_qazlal_clouds, overflow_temple_1_default,
          ashenzari_altar_1, chequers_temple_overflow_statue_of_worship,
          first_ration, chequers_ecumenical_altar_simple_redux, fedhas_altar_1

Skill      XL: |  1  2  3  4 |
---------------+-------------+-----
Transmutations | 2 3 |  3.0
Air Magic      | 1 2 |  2.0
Poison Magic   | 4 |  4.2
Dodging        | |  1.7
Stealth        | |  1.7
Spellcasting   | |  2.0

Action                   |  1- 3 |  4- 6 || total
-------------------------+-------+-------++-------
Melee: Unarmed           |    26 |       ||    26
       Tailslap          |     3 |       ||     3
Throw: Dart              |    24 |       ||    24
 Cast: Sting             |    45 |    17 ||    62
       Poisonous Vapours |    18 |     7 ||    25
       Olgreb's Toxic Ra |       |     2 ||     2
  Use: Scroll            |       |     5 ||     5
       Potion            |       |     1 ||     1
  Eat: Ration            |     1 |       ||     1
       Chunk             |     3 |     4 ||     7
Armor: Skin              |    42 |     4 ||    46
Dodge: Dodged            |    68 |     8 ||    76
